Map: Imperio eterno EE

Players

DPGPartinG (PartinG) - Winner!

  • Race: Protoss Protoss
  • League: Grandmaster
  • Spawn Location: 1:00

SpeCial

  • Race: Terran Terran
  • League: Grandmaster
  • Spawn Location: 7:00

VOD

Have the link to the VOD?

Description

Time

  • Played on: Jan. 16, 2020, 4:39 a.m.
  • Length: 19:33
Show
View Real Time Build Order
Export as new Build Order

DPGPartinG Protoss - Winner!

Build Orders: 1 Gate Expand, Colossus Rush 

Get SALT Encoding   

  12  0:00  Probe  
  13  0:12  Probe  
  14  0:17  Pylon  
  14  0:25  Probe (Chrono Boost)  
  15  0:36  Gateway  
  15  0:37  Probe (Chrono Boost)  
  16  0:44  Probe (Chrono Boost)  
  16  0:46  Assimilator  
  17  0:51  Probe  
  18  1:03  Probe  
  19  1:15  Probe  
  20  1:24  Cybernetics Core  
  20  1:33  Nexus  
  21  1:41  Pylon  
  21  1:43  Probe  
  21  1:54  Assimilator  
  21  1:56  Probe  
  21  1:58  Stalker (Chrono Boost)  
  24  2:02  Warp Gate  
  24  2:08  Probe  
  25  2:18  Stalker (Chrono Boost)  
  25  2:20  Probe  
  28  2:32  Probe  
  28  2:36  Robotics Facility  
  29  2:43  Stalker  
  31  2:47  Probe (Chrono Boost)  
  31  2:48  Probe (Chrono Boost)  
  33  2:57  Probe (Chrono Boost)  
  33  3:01  Probe (Chrono Boost)  
  33  3:02  Probe (Chrono Boost)  
  35  3:09  Gateway  
  35  3:15  Gateway  
  35  3:17  Probe  
  37  3:20  Probe (Chrono Boost)  
  37  3:28  Pylon  
  37  3:29  Probe (Chrono Boost)  
  37  3:32  Observer  
  40  3:37  Probe (Chrono Boost)  
  40  3:39  Probe (Chrono Boost)  
  41  3:45  Probe (Chrono Boost)  
  42  3:48  Probe (Chrono Boost)  
  42  3:49  Assimilator  
  42  3:51  Robotics Bay  
  42  3:53  Assimilator, Observer  
  44  3:59  Probe (Chrono Boost)  
  44  4:00  Pylon  
  44  4:01  Probe (Chrono Boost)  
  46  4:05  Stalker  
  46  4:09  Stalker  
  50  4:16  Stalker  
  49  4:29  Probe (Chrono Boost)  
  49  4:32  Probe (Chrono Boost)  
  48  4:41  Probe (Chrono Boost)  
  48  4:44  Observer  
  48  4:45  Probe (Chrono Boost)  
  51  4:46  Probe (Chrono Boost)  
  52  4:53  Probe (Chrono Boost)  
  52  4:58  Probe (Chrono Boost), Nexus  
  54  5:05  Probe (Chrono Boost)  
  55  5:12  Probe (Chrono Boost)  
  55  5:13  Colossus (Chrono Boost)  
  57  5:18  Pylon  
  62  5:21  Extended Thermal Lance  
  62  5:25  Pylon  
  62  5:29  Pylon  
  62  5:36  Probe x2  
  62  5:37  Sentry x2  
  62  5:42  Pylon  
  68  5:48  Probe x2  
  70  5:53  Twilight Council  
  70  5:55  Phoenix, Forge  
  71  6:04  Probe x2 (Chrono Boost)  
  71  6:05  Colossus (Chrono Boost)  
  71  6:10  Probe (Chrono Boost)  
  80  6:19  Observer  
  80  6:21  Probe (Chrono Boost), Protoss Ground Weapons Level 1 (Chrono Boost)  
  80  6:22  Probe x2 (Chrono Boost)  
  81  6:26  Probe (Chrono Boost)  
  81  6:27  Blink (Chrono Boost), Observer  
  81  6:29  Probe x2  
  81  6:32  Observer  
  84  6:38  Probe  
  85  6:41  Probe x2  
  85  6:44  Forge  
  86  6:48  Templar Archives  
  86  6:49  Stalker x2  
  87  6:54  Stalker  
  87  7:00  Probe x2  
  90  7:11  Probe  
  90  7:12  Probe x2  
  90  7:14  Protoss Ground Armor Level 1 (Chrono Boost)  
  93  7:24  Probe x2  
  93  7:27  Stalker x3  
  101  7:30  Gateway  
  101  7:31  Gateway  
  101  7:32  Probe  
  101  7:35  Gateway  
  101  7:36  Probe x2  
  104  7:47  Assimilator  
  104  7:48  Probe, Assimilator  
  104  7:49  Probe x2  
  107  7:56  Observer  
  107  7:59  Nexus  
  107  8:00  Probe, Pylon  
  107  8:03  Psionic Storm  
  107  8:05  Probe  
  109  8:12  Protoss Ground Weapons Level 2 (Chrono Boost)  
  109  8:14  Pylon x2  
  109  8:15  Pylon  
  109  8:18  Warp Prism  
  111  8:21  Charge, High Templar  
  111  8:22  High Templar  
  111  8:23  Zealot  
  117  8:35  Probe x3  
  117  8:39  Gateway x2  
  120  8:43  Gateway  
  120  8:44  Gateway, Observer  
  120  8:47  High Templar x2  
  120  8:48  Stalker  
  126  8:49  Stalker  
  126  8:54  Probe x3  
  131  9:04  Observer  
  127  9:10  Archon, Stalker x2  
  127  9:12  Stalker  
  127  9:13  Nexus, Observer  
  124  9:17  Stalker  
  120  9:24  Stalker x2  
  120  9:25  Gravitic Boosters (Chrono Boost)  
  122  9:33  Stalker x3  
  122  9:34  Stalker  
  122  9:37  Unknown  
  128  9:41  Probe x2  
  128  9:43  Observer  
  131  9:48  Probe  
  131  9:49  Probe  
  133  9:53  Probe x2  
  133  9:55  Pylon  
  133  9:57  Sentry  
  133  9:58  Pylon  
  137  10:08  Protoss Ground Armor Level 2 (Chrono Boost)  
  137  10:12  Zealot x8  
  137  10:13  Zealot  
  155  10:14  Probe  
  155  10:15  Probe x3  
  153  10:24  Warp Prism  
  153  10:30  Gateway  
  153  10:33  Gateway  
  153  10:36  Pylon  
  153  10:39  Gateway  
  153  10:42  Zealot, Stalker x4  
  157  10:43  Stalker  
  161  10:51  Zealot x4  
  164  11:05  Zealot x2  
  164  11:06  Zealot x4  
  172  11:14  High Templar x4  
  178  11:18  Archon  
  178  11:19  Archon  
  175  11:31  Pylon  
  175  11:33  Pylon  
  175  11:34  Pylon  
  175  11:35  Pylon  
  175  11:37  Pylon  
  165  11:51  Observer  
  157  11:54  High Templar x5  
  157  11:55  High Templar x4  
  157  11:56  Zealot  
  157  11:58  Archon x2  
  157  11:59  Archon x2  
  157  12:00  Protoss Ground Weapons Level 3 (Chrono Boost)  
  177  12:05  Nexus  
  173  12:09  Pylon  
  173  12:15  Nexus  
  167  12:35  Zealot x10  
  143  12:49  Gravitic Drive (Chrono Boost)  
  138  13:07  Zealot x7  
  138  13:08  Zealot x3  
  158  13:16  Probe  
  159  13:26  Gateway  
  159  13:27  Gateway  
  159  13:28  Gateway, High Templar  
  159  13:29  High Templar x7  
  159  13:31  Zealot x2  
  159  13:32  Probe x2 (Chrono Boost)  
  159  13:33  Archon  
  159  13:34  Archon x2  
  181  13:35  Archon  
  178  13:42  Probe (Chrono Boost)  
  178  13:43  Warp Prism (Chrono Boost)  
  178  13:45  Probe (Chrono Boost)  
  178  13:47  Probe x2 (Chrono Boost)  
  178  13:48  Probe (Chrono Boost)  
  178  13:54  Probe (Chrono Boost)  
  180  13:57  Probe x2 (Chrono Boost)  
  180  13:59  Probe x2 (Chrono Boost)  
  180  14:01  Probe (Chrono Boost)  
  182  14:07  Zealot x5  
  182  14:08  Probe, Zealot x2  
  197  14:11  Observer (Chrono Boost)  
  197  14:12  Zealot  
  200  14:19  Photon Cannon  
  200  14:21  Photon Cannon  
  192  14:44  Zealot x7  
  192  14:45  Zealot x7  
  176  14:46  Zealot  
  176  14:47  Zealot  
  161  14:55  Observer (Chrono Boost)  
  150  15:03  Probe (Chrono Boost)  
  150  15:04  Probe (Chrono Boost)  
  150  15:06  Probe (Chrono Boost)  
  147  15:13  Probe (Chrono Boost), Warp Prism (Chrono Boost)  
  146  15:14  Probe (Chrono Boost)  
  146  15:15  Probe (Chrono Boost)  
  146  15:20  Probe (Chrono Boost)  
  136  15:24  Stalker x8  
  147  15:31  Probe  
  147  15:34  High Templar x7  
  147  15:35  High Templar  
  160  15:38  Archon x3  
  160  15:39  Archon  
  160  15:42  Unknown  
  160  15:43  Probe  
  161  15:57  Nexus  
  160  16:05  Stalker x7  
  168  16:15  Stalker x2  
  168  16:18  Protoss Shields Level 1 (Chrono Boost)  
  164  16:19  Pylon  
  164  16:22  Pylon  
  156  16:28  Zealot x5  
  156  16:29  Zealot  
  156  16:32  Zealot  
  170  16:33  Zealot  
  170  16:37  Probe (Chrono Boost)  
  169  16:47  Probe x2 (Chrono Boost)  
  169  16:48  Probe (Chrono Boost)  
  169  16:51  Probe (Chrono Boost)  
  172  16:55  Probe (Chrono Boost), Stalker x2, Observer  
  172  16:56  Probe (Chrono Boost), Stalker x2  
  172  16:57  Probe (Chrono Boost)  
  172  16:58  Probe (Chrono Boost)  
  183  17:04  Probe (Chrono Boost)  
  183  17:08  Stalker x3  
  186  17:16  Probe (Chrono Boost)  
  186  17:18  Probe (Chrono Boost)  
  188  17:25  Zealot x5  
  188  17:26  Probe x2 (Chrono Boost)  
  189  17:52  Stalker x5  
  189  17:56  Stalker x2  
  189  17:57  Stalker x2  
  200  18:03  Photon Cannon  
  196  18:18  Zealot x8  
  194  18:25  Zealot x4  
  194  18:26  Zealot x3  
  170  18:31  Stalker  
  146  18:35  Observer  
  129  18:42  Stalker x3  
  129  18:43  Stalker x2  
  101  19:02  Stalker x11  
  111  19:06  Observer  
  102  19:14  Stalker x2  
  102  19:15  Zealot x3  
Show
View Real Time Build Order
Export as new Build Order

SpeCial Terran 

Build Orders: 1/1/1, Mech 

Get SALT Encoding   

  12  0:00  SCV  
  13  0:12  SCV  
  14  0:17  Supply Depot  
  14  0:25  SCV  
  15  0:38  SCV  
  15  0:39  Barracks  
  16  0:45  Refinery  
  16  0:50  SCV  
  16  0:54  Refinery  
  17  1:03  SCV  
  18  1:15  SCV  
  19  1:27  Orbital Command, Reaper  
  20  1:37  Supply Depot  
  20  1:43  Factory  
  20  1:52  SCV  
  21  1:59  Reaper  
  22  2:04  SCV  
  23  2:16  SCV  
  23  2:22  Command Center  
  24  2:29  Starport  
  24  2:35  Widow Mine  
  26  2:37  SCV  
  26  2:42  Supply Depot  
  27  2:49  SCV  
  27  2:50  Barracks Reactor  
  28  2:58  Widow Mine  
  30  3:01  SCV  
  31  3:07  Medivac  
  33  3:13  SCV  
  33  3:19  Widow Mine  
  36  3:25  SCV  
  37  3:28  Marine x2  
  37  3:34  Orbital Command  
  39  3:35  Bunker  
  39  3:38  SCV  
  39  3:41  Starport Tech Lab, Factory Tech Lab  
  40  3:45  Marine  
  40  3:46  Marine  
  42  3:50  SCV  
  43  3:59  SCV  
  43  4:02  SCV  
  47  4:07  Siege Tank  
  47  4:09  Marine  
  51  4:11  Marine, SCV  
  51  4:16  Raven  
  53  4:20  SCV  
  54  4:24  SCV  
  54  4:30  Marine x2  
  50  4:32  SCV  
  50  4:35  Command Center  
  50  4:36  SCV  
  49  4:40  Siege Tank  
  52  4:46  Refinery  
  52  4:47  Refinery  
  52  4:48  Supply Depot  
  52  4:55  SCV  
  52  4:56  SCV  
  52  4:58  Cloaking Field  
  54  5:10  Marine x2, SCV x2  
  54  5:11  Supply Depot  
  58  5:16  Banshee  
  61  5:22  SCV  
  62  5:32  Marine x2, Siege Tank  
  62  5:33  SCV  
  62  5:34  SCV, Supply Depot  
  69  5:45  SCV  
  69  5:47  SCV, Orbital Command  
  71  5:50  Marine x2  
  71  5:52  Factory  
  73  5:57  SCV, Supply Depot  
  73  5:59  SCV, Banshee  
  78  6:06  Siege Tank  
  81  6:12  SCV, Factory  
  81  6:14  Orbital Command  
  81  6:17  SCV  
  83  6:23  Supply Depot  
  83  6:24  SCV, Engineering Bay  
  83  6:25  Hyperflight Rotors  
  84  6:29  SCV  
  84  6:36  SCV  
  84  6:38  Siege Tank  
  88  6:41  SCV  
  88  6:42  SCV  
  88  6:44  Factory Tech Lab  
  88  6:45  Banshee  
  88  6:46  Supply Depot  
  93  6:47  Refinery  
  93  6:48  SCV  
  93  6:53  SCV  
  95  6:54  SCV  
  95  7:00  SCV  
  97  7:04  Refinery  
  97  7:05  SCV, Supply Depot  
  97  7:06  SCV, Supply Depot  
  99  7:09  Hellion x2  
  99  7:12  SCV  
  104  7:18  SCV x2, Missile Turret  
  104  7:20  Siege Tank  
  109  7:24  SCV, Siege Tank  
  109  7:26  Supply Depot  
  113  7:30  SCV x2, Hellion x2  
  113  7:34  Banshee  
  113  7:36  SCV  
  123  7:42  SCV x2, Armory  
  123  7:43  Armory  
  125  7:50  Missile Turret  
  125  7:53  Hellion x2, Siege Tank  
  125  7:56  Siege Tank  
  125  7:57  Sensor Tower  
  125  7:58  SCV  
  136  7:59  SCV  
  136  8:02  Supply Depot  
  137  8:07  Factory x2  
  137  8:12  Supply Depot, Missile Turret  
  137  8:21  Command Center  
  137  8:24  Hellion x2  
  144  8:27  Siege Tank  
  144  8:28  Infernal Pre-Igniter, Siege Tank  
  144  8:32  Terran Vehicle Weapons Level 1  
  147  8:38  Command Center  
  147  8:44  Supply Depot  
  147  8:47  Hellion  
  147  8:48  Hellion  
  151  8:49  Missile Turret, Terran Vehicle And Ship Armor Level 1  
  151  8:55  Supply Depot  
  148  8:56  Factory Reactor  
  148  8:57  Supply Depot, Factory Tech Lab  
  148  8:59  Cyclone  
  148  9:00  Cyclone  
  154  9:04  Banshee  
  154  9:09  Hellion x2  
  161  9:23  Cyclone  
  161  9:24  Drilling Claws  
  161  9:29  Mag-Field Accelerator  
  161  9:30  Hellion x2  
  165  9:32  Cyclone  
  165  9:34  Hellion x2  
  172  9:52  SCV  
  173  9:56  Hellion x4  
  173  9:58  Cyclone x2  
  187  10:04  SCV, Cyclone  
  187  10:12  Sensor Tower  
  185  10:14  Refinery  
  185  10:16  SCV  
  185  10:17  Refinery  
  186  10:21  Hellion  
  186  10:24  Planetary Fortress  
  186  10:28  SCV, Hellion  
  188  10:29  Hellion x2  
  188  10:30  Siege Tank x2  
  188  10:32  Unknown  
  188  10:33  Factory  
  199  10:36  Factory  
  199  10:38  Terran Vehicle Weapons Level 2  
  199  10:40  SCV  
  200  10:48  Terran Vehicle And Ship Armor Level 2  
  195  10:55  Hellion  
  195  11:01  Missile Turret, Planetary Fortress  
  190  11:04  Hellion  
  190  11:05  Hellion  
  190  11:06  Cyclone, Hellion  
  190  11:31  Hellion x3  
  190  11:32  Siege Tank  
  199  11:42  Factory Tech Lab, Hellion  
  199  11:43  Factory Tech Lab  
  197  11:49  Command Center  
  197  11:52  Command Center  
  197  11:53  Hellion  
  191  11:54  Siege Tank  
  194  12:03  Starport x2, Fusion Core  
  194  12:04  Siege Tank  
  194  12:07  Missile Turret  
  196  12:14  Siege Tank  
  199  12:22  Command Center  
  187  12:33  Siege Tank x3  
  187  12:34  Hellion x3  
  187  12:35  Hellion  
  168  12:37  Hellion  
  161  12:46  Hellion  
  163  12:55  Widow Mine x3  
  163  12:57  Starport Tech Lab x2  
  163  12:58  Terran Vehicle Weapons Level 3, Siege Tank  
  172  13:01  Battlecruiser  
  172  13:10  Weapon Refit  
  172  13:16  Hellion x2  
  172  13:17  Missile Turret, Hellion  
  172  13:18  Siege Tank x2  
  184  13:22  Missile Turret, Siege Tank  
  184  13:26  Battlecruiser  
  191  13:31  Battlecruiser  
  191  13:49  Planetary Fortress  
  191  13:51  Refinery  
  191  13:52  Refinery  
  191  13:53  Cyclone x3  
  198  14:05  Orbital Command x2  
  198  14:16  Terran Vehicle And Ship Armor Level 3  
  195  14:29  Missile Turret  
  195  14:35  Missile Turret  
  195  14:36  Battlecruiser  
  175  14:47  Cyclone, Hellion x2  
  175  14:48  Hellion  
  139  15:00  Battlecruiser  
  139  15:05  Hellion  
  147  15:08  Orbital Command  
  147  15:09  Hellion  
  143  15:22  Cyclone  
  143  15:23  Hellion  
  143  15:25  Cyclone  
  143  15:28  SCV  
  149  15:30  SCV  
  150  15:41  Sensor Tower  
  150  15:53  Widow Mine x2  
  150  15:54  Widow Mine  
  156  16:00  Cyclone  
  157  16:08  Cyclone  
  157  16:10  Terran Ship Weapons Level 1  
  155  16:14  Hellion x2  
  154  16:20  SCV  
  154  16:23  Cyclone x2, Hellion x2  
  165  16:31  Battlecruiser  
  170  16:36  Widow Mine, Cyclone  
  173  16:43  Hellion  
  174  16:48  Battlecruiser  
  177  16:54  Widow Mine x2, Cyclone  
  177  17:00  Cyclone, Hellion  
  185  17:02  Orbital Command  
  185  17:03  Cyclone  
  182  17:19  Siege Tank  
  182  17:20  Siege Tank  
  182  17:21  Hellion  
  190  17:24  Missile Turret  
  190  17:26  Sensor Tower  
  190  17:30  Unknown  
  190  17:33  Battlecruiser  
  194  17:48  Widow Mine x3  
  196  17:59  Hellion  
  196  18:05  Missile Turret  
  180  18:20  Widow Mine x2  
  180  18:22  Hellion  
  154  18:29  Hellion x2  
  154  18:31  SCV x2  
  154  18:32  SCV, Cyclone, Hellion x2  
  146  18:37  Hellion  
  135  18:45  Hellion  
  117  18:57  SCV x4  
  117  19:00  Hellion x2  
  111  19:09  SCV x2  
  107  19:16  SCV  
Tags
 
Add a new tag
Caveats
  • Supply blocks, unpowered buildings, or Contaminate may cause inaccurate times.
  • Supply counts are checked every 10 seconds.